 Dungeon Crawl Stone Soup version 0.20.0-6-gd3061e9 (webtiles) character file.

295 cereshysteria the Insei (level 6, -5/51 HPs)
             Began as a Draconian Monk on May 28, 2017.
             Slain by Menkaure (7 damage)
             ... on level 4 of the Dungeon.
             The game lasted 00:06:10 (3018 turns).

cereshysteria the Insei (Draconian Monk)            Turns: 3018, Time: 00:06:11

Health: -5/51      AC:  6    Str: 14    XL:     6   Next: 11%
Magic:  6/6        EV: 13    Int: 11    God:
Gold:   135        SH:  0    Dex: 14    Spells: 5/5 levels left

rFire    . . .     SeeInvis .     - Unarmed
rCold    . . .     Gourm    .   (no shield)
rNeg     . . .     Faith    .   (armour unavailable)
rPois    .         Spirit   .   (helmet restricted)
rElec    .         Reflect  .   (no cloak)
rCorr    .         Harm     .   (no gloves)
MR       .....                  (no boots)
Stlth    ++........             (no amulet)
Regen    0.2/turn               (no ring)
MPRegen  0.1/turn               (no ring)

@: lethally poisoned (-5 -> -7)
A: unfitting armour, cold-blooded, AC +6
a: no special abilities


You were on level 4 of the Dungeon.
You were not hungry.

You visited 1 branch of the dungeon, and saw 4 of its levels.

You collected 135 gold pieces.

Inventory:

Scrolls
 c - a scroll of recharging
 f - a scroll of amnesia {unknown}
 h - 3 scrolls of identify
 l - a scroll of enchant armour
 n - a scroll of enchant weapon {unknown}
 p - a scroll of random uselessness {unknown}
Potions
 e - a potion of haste
 j - a potion of lignification {unknown}
 k - a potion of degeneration {unknown}
 m - 2 potions of flight
 o - a potion of agility {unknown}
 q - 2 potions of curing {unknown}
Comestibles
 a - 3 bread rations
 d - 3 royal jellies


   Skills:
 - Level 3.2 Fighting
 - Level 2.6 Dodging
 - Level 1.7 Stealth
 + Level 6.9 Unarmed Combat


You had 5 spell levels left.
You didn't know any spells.

Dungeon Overview and Level Annotations

Branches:
Dungeon (4/15)
 Temple: D:4-7

Altars:
Makhleb
Vehumet

Annotations:
D:4 Menkaure


Innate Abilities, Weirdness & Mutations

Your plain brown scales are hard. (AC +6)
You cannot fit into any form of body armour.
You are cold-blooded and may be slowed by cold attacks.


Message History

The adder barely misses you.
As you read the scroll labeled ZUBINOM JALUCK, it crumbles to dust.
You feel blessed for a moment.
It was a scroll of remove curse.
You feel sick. Menkaure barely misses you. The adder completely misses you.
Menkaure's ankle releases a plume of dust as he confides, "I'm not really a mummy, you know."
Menkaure barely misses you.
As you read the scroll labeled POPRASM UMOMA, it crumbles to dust.
It is a scroll of identify.
m - 2 potions of flight The adder misses you.
Menkaure hits you!
* * * LOW HITPOINT WARNING * * *
The adder bites you but does no damage.
As you read the scroll labeled CAPSOESENU, it crumbles to dust.
It is a scroll of enchant armour.
You aren't carrying any armour which can be enchanted further.
* * * LOW HITPOINT WARNING * * *
You feel sick. Menkaure hits you but does no damage.
The adder bites you but does no damage. Menkaure hits you!
You die...

,,..........................###..
,,...(.......###...........## #..
,,...........##..######...#####..
<,..........###.## #......##..
,,........####..# ##..........
,,........####.## ##..###......
,,###.......#..## ##..## ##....#
**##........W..M####....####....#
**#........####S@.#.......##...##
**...####†## ###.............##
*,..#* #..# ###...........# ,,.#*
#..# *............## ,,** ##.##
*#.............# *,** #..#
*..............## *,,* ##.##
*#...............# **,**
#..#**.................
*,,*######..##..................


You could see a phantom, Menkaure and an adder.

Vanquished Creatures
  Grinder (D:3)
  An iguana (D:4)
  An adder (D:2)
  A worm (D:3)
  A dart slug (D:3)
  A leopard gecko (D:1)
  A ball python (D:3)
  A bat (D:2)
  7 giant cockroaches
  9 hobgoblins
  4 kobolds
  A quokka (D:2)
  3 frilled lizards (D:1)
  11 goblins
  A leopard gecko skeleton (D:3)
  11 rats
55 creatures vanquished.

Notes
Turn   | Place    | Note
-------+----------+-------------------------------------------
     0 | D:1      | cereshysteria the Draconian Monk began the quest for the Orb.
     0 | D:1      | Reached XP level 1. HP: 19/19 MP: 1/1
   470 | D:1      | Reached XP level 2. HP: 26/26 MP: 2/2
   842 | D:1      | Reached skill level 4 in Unarmed Combat
  1239 | D:2      | Reached XP level 3. HP: 27/31 MP: 3/3
  1500 | D:2      | Found a burning altar of Makhleb.
  1512 | D:2      | Found a radiant altar of Vehumet.
  2280 | D:3      | Reached XP level 4. HP: 38/38 MP: 4/4
  2382 | D:3      | Noticed Grinder
  2383 | D:3      | Paralysed by Grinder for 2 turns
  2401 | D:3      | Killed Grinder
  2401 | D:3      | Reached skill level 6 in Unarmed Combat
  2401 | D:3      | Reached XP level 5. HP: 9/45 MP: 5/5
  2819 | D:3      | Reached XP level 6. HP: 49/51 MP: 6/6
  2989 | D:4      | Noticed Menkaure
  3017 | D:4      | HP: 2/51 [poisoned by an adder]
  3018 | D:4      | Slain by Menkaure

Skill      XL: |  1  2  3  4 |
---------------+-------------+-----
Unarmed Combat | 4 6 |  6.9
Fighting       | |  3.2
Dodging        | |  2.6
Stealth        | |  1.7

Action                   |  1- 3 |  4- 6 || total
-------------------------+-------+-------++-------
Melee: Unarmed           |   142 |    33 ||   175
       Tailslap          |     9 |     6 ||    15
       Punch             |     5 |     3 ||     8
  Use: Potion            |       |     2 ||     2
       Scroll            |       |     5 ||     5
 Stab: Sleeping          |     4 |       ||     4
       Distracted        |     1 |       ||     1
  Eat: Bread ration      |     1 |     1 ||     2
       Chunk             |     1 |       ||     1
Armor: Skin              |    27 |    10 ||    37
Dodge: Dodged            |    83 |    24 ||   107
